 Dungeon Crawl Stone Soup version 0.16.0-14-g63f578d (console) character file.

96 gw the Chiller (level 4, -6/33 HPs)
             Began as a Merfolk Ice Elementalist on Mar 19, 2015.
             Mangled by a worm (16 damage)
             ... on level 2 of the Dungeon.
             The game lasted 00:02:58 (2501 turns).

gw the Chiller (Merfolk Ice Elementalist)           Turns: 2501, Time: 00:02:59

Health: -6/33      AC:  4    Str:  8    XL:     4   Next: 67%
Magic:  0/9        EV: 13    Int: 15    God:
Gold:   109        SH:  0    Dex: 14    Spells: 3 memorised, 3 levels left

rFire  . . .     SeeInvis .     i - -3 club (curse)
rCold  . . .     Clarity  .     l - +0 leather armour
rNeg   . . .     SustAb   .     (no shield)
rPois  .         Gourm    .     a - +1 hat
rElec  .         Spirit   .     (no cloak)
rCorr  .         Warding  .     (no gloves)
rMut   .         Stasis   .     (no boots)
MR     .....                    (no amulet)
Stlth  ++........               (no ring)
                                (no ring)

@: very slightly contaminated, not resistant to hostile enchantments, unstealthy
A: change form in water, swift swim, mutation resistance 1, spit poison 1
a: Spit Poison


You were on level 2 of the Dungeon.
You were hungry.

You visited 1 branch of the dungeon, and saw 2 of its levels.

You collected 109 gold pieces.

Inventory:

Hand weapons
 b - a +0 club
 i - a cursed -3 club (weapon)
Missiles
 f - 76 stones (quivered)
Armour
 a - a +1 hat (worn)
 l - a +0 leather armour (worn)
Scrolls
 d - a scroll of recharging
 g - a scroll of enchant weapon {unknown}
 n - a scroll of blinking {unknown}
 o - a scroll of identify {unknown}
Potions
 m - a potion of haste {unknown}
Books
 e - a book of Frost

   Spells                             Type                      Level
   a - Freeze                         Ice                          1
   b - Throw Frost                    Conjuration/Ice              2
   c - Ozocubu's Armour               Charms/Ice                   3
   d - Throw Icicle                   Conjuration/Ice              4
   e - Summon Ice Beast               Ice/Summoning                4
   f - Condensation Shield            Ice                          4
Comestibles
 c - 2 bread rations
 h - a beef jerky
 j - 2 fruits
 k - a meat ration


   Skills:
 + Level 1.8 Fighting
 + Level 3.6 Dodging
 - Level 2.1 Stealth
 * Level 3.1 Spellcasting
 - Level 0.7 Conjurations
 + Level 3.8 Ice Magic


You had 3 spell levels left.
You knew the following spells:

 Your Spells              Type           Power        Failure   Level  Hunger
a - Freeze                Ice            ##..         8%          1    #......
b - Throw Frost           Conj/Ice       #.....       17%         2    ##.....
c - Ozocubu's Armour      Chrm/Ice       #.......     41%         3    ###....


Dungeon Overview and Level Annotations

Branches:
Dungeon (2/15)

Altars:
Trog


Innate Abilities, Weirdness & Mutations

You revert to your normal form in water.
You are very nimble and swift while swimming.
You are somewhat resistant to further mutation.
You can spit poison.


Message History

Confirm with . or Enter, or press ? or * to list all spells.
Aiming: Freeze
Press: ? - help, Shift-Dir - straight line, f/p - worm
Aim: a worm (lightly wounded, berserk, fast, unusually strong)
You freeze the worm.
The worm is moderately wounded.
The worm closely misses you.
Unknown command.
Unknown command.
Unknown command.
Unknown command.
Casting: Freeze
Confirm with . or Enter, or press ? or * to list all spells.
Aiming: Freeze
Press: ? - help, Shift-Dir - straight line, f/p - worm
Aim: a worm (moderately wounded, berserk, fast, unusually strong)
You freeze the worm.
The worm is moderately wounded.
The worm bites you!
You die...

# #.#.#.##.....######
# #.#................
# #.######.....######
#............#
##########.#### ##
###....## #.########
.# ##)......##
#........# .#
#....%w...# #..#####.#
.# ##....#m...# #..#
.###
#.)..###...###..####
...#
#.._.#y#...........#
.#.#
#))..###...###..##.#
.#.#####
##....#....##...##>##.
.......#
#.........#..........
##.###.#
##.......###.<.######
.......# ###....##
##.## ##.##..#
######## #.#


You could see a moth of wrath and a worm (berserk).

Table legend:
 A = Turns spent in this place as a percentage of turns spent in the entire game.
 B = Non-inter-level travel turns spent in this place as a percentage of non-inter-level travel turns spent in the entire game.
 C = Inter-level travel turns spent in this place as a percentage of turns spent in this place.
 D = Turns resting spent in this place as a percentage of non-inter-level travel turns spent in this place.
 E = Turns spent auto-exploring this place as a percentage of non-inter-level travel turns spent in this place.
 F = Non-inter-level travel turns spent in this place divided by the number of levels of this place that you've seen.
                   A       B       C       D       E      F
               +-------+-------+-------+-------+-------+----------------------
         Total | 100.0 | 100.0 |   0.7 |   2.6 |   2.4 | 1735.5
       Dungeon | 100.0 | 100.0 |   0.7 |   2.6 |   2.4 | 1735.5
               +-------+-------+-------+-------+-------+----------------------

Table legend:
 A = Kills in this place as a percentage of kills in entire the game.
 B = Kills by you in this place as a percentage of kills by you in the entire game.
 C = Kills by friends in this place as a percentage of kills by friends in the entire game.
 D = Other kills in this place as a percentage of other kills in the entire game.
 E = Experience gained in this place as a percentage of experience gained in the entire game.
 F = Experience gained in this place divided by the number of levels of this place that you have seen.
                   A       B       C       D       E      F
               +-------+-------+-------+-------+-------+----------------------
         Total | 100.0 | 100.0 |  -nan |  -nan | 100.0 |  69.0
       Dungeon | 100.0 | 100.0 |  -nan |  -nan | 100.0 |  69.0
               +-------+-------+-------+-------+-------+----------------------

Vanquished Creatures
  3 adders (D:2)
  A giant mite (D:2)
  A worm (D:2)
  4 giant geckos
  2 oozes
  3 giant cockroaches
  4 goblins
  4 hobgoblins
  6 jackals (D:2)
  4 kobolds
  7 bats
  A giant newt (D:1)
  7 rats
47 creatures vanquished.

Notes
Turn   | Place    | Note
--------------------------------------------------------------
     0 | D:1      | gw, the Merfolk Ice Elementalist, began the quest for the Orb.
     0 | D:1      | Reached XP level 1. HP: 13/13 MP: 3/3
   198 | D:1      | Reached XP level 2. HP: 18/20 MP: 2/4
   235 | D:1      | Learned a level 2 spell: Throw Frost
  1061 | D:1      | Reached XP level 3. HP: 25/25 MP: 3/6
  1115 | D:1      | Learned a level 3 spell: Ozocubu's Armour
  1146 | D:1      | Gained mutation: You can spit poison. [potion of mutation]
  1146 | D:1      | Gained mutation: You are somewhat resistant to further mutation. [potion of mutation]
  1485 | D:2      | Reached skill level 1 in Fighting
  1667 | D:2      | Reached XP level 4. HP: 32/32 MP: 0/9
  2076 | D:2      | Noticed a moth of wrath
  2080 | D:2      | Found a bloodstained altar of Trog.
  2501 | D:2      | Mangled by a worm

Action                   |  1- 3 |  4- 6 || total
-------------------------+-------+-------++-------
Melee: Club              |    15 |    10 ||    25
Throw: Stone             |    35 |     4 ||    39
 Cast: Freeze            |    20 |    24 ||    44
       Throw Frost       |    27 |    12 ||    39
 Abil: Spit Poison       |     1 |     1 ||     2
  Use: Scroll            |     2 |     1 ||     3
       Potion            |     2 |       ||     2
  Eat: Chunk             |     5 |     3 ||     8

Vault maps used:
D:1:      eino_arrival_tree_alley
D:2:      tgw_trog
